| TOP OF THE 1ST |
|
Boston Red Sox batting - Pitching for Seattle Mariners : RHP Bas Kooy
|
|
Pitching: RHP Bas Kooy
|
|
|
Batting: LHB Xavier Pittman
|
0-0: Fly out, F9 (Flyball, 9, EV 91.2 MPH)
|
|
Batting: LHB Kevin McCormic Jr.
|
0-0: Called Strike 0-1: Foul Ball, location: 2F 0-2: Strikes out looking
|
|
Batting: SHB Rich Chavez
|
0-0: Ball 1-0: Swinging Strike 1-1: Ball 2-1: Fly out, F5 (Popup, 5SF, EV 63.1 MPH)
|
| Top of the 1st over - 0 runs, 0 hits, 0 errors, 0 left on base; Boston 0 - Seattle 0 |
| BOTTOM OF THE 1ST |
|
Seattle Mariners batting - Pitching for Boston Red Sox : RHP Justin Whitesack
|
|
Pitching: RHP Justin Whitesack
|
|
|
Batting: LHB Dae-ik Yoon
|
0-0: Ball 1-0: Ball 2-0: Called Strike 2-1: Fly out, F8 (Line Drive, 8RD, EV 96.2 MPH)
|
|
Batting: SHB Floyd-William Goof
|
0-0: Called Strike 0-1: Ball 1-1: Ball 2-1: SINGLE (Line Drive, 4MD, EV 106.2 MPH)
|
|
Batting: LHB John Zumbo
|
0-0: Ball 1-0: Foul Ball, location: 2F 1-1: Called Strike Floyd-William Goof steals 2nd base 1-2: Strikes out swinging
|
|
Batting: SHB Tze-meng Gan
|
0-0: Called Strike 0-1: Foul Ball, location: 2F 0-2: Foul Ball, location: 2F 0-2: Ball 1-2: Ball 2-2: Ball 3-2: Foul Ball, location: 2F 3-2: Strikes out looking
|
| Bottom of the 1st over - 0 runs, 1 hit, 0 errors, 1 left on base; Boston 0 - Seattle 0 |
| TOP OF THE 2ND |
|
Boston Red Sox batting - Pitching for Seattle Mariners : RHP Bas Kooy
|
|
Batting: LHB Brian Gray
|
0-0: Foul Ball, location: 2F 0-1: Swinging Strike 0-2: Strikes out swinging
|
|
Batting: RHB Nick Esteves
|
0-0: Ball 1-0: Foul Ball, location: 2F 1-1: Ball 2-1: Swinging Strike 2-2: Foul Ball, location: 2F 2-2: Strikes out looking
|
|
Batting: RHB Chris Lane
|
0-0: Swinging Strike 0-1: Foul Ball, location: 2F 0-2: Foul Ball, location: 2F 0-2: Strikes out swinging
|
| Top of the 2nd over - 0 runs, 0 hits, 0 errors, 0 left on base; Boston 0 - Seattle 0 |
| BOTTOM OF THE 2ND |
|
Seattle Mariners batting - Pitching for Boston Red Sox : RHP Justin Whitesack
|
|
Batting: RHB Jose Vasquez
|
0-0: Called Strike 0-1: SINGLE (Groundball, 6M, EV 103.1 MPH)
|
|
Batting: RHB Steve Bartman Jr.
|
0-0: Called Strike 0-1: Fly out, F3 (Popup, 23F, EV 80.6 MPH)
|
|
Batting: RHB Corey Ottinger
|
0-0: Called Strike 0-1: Ball Jose Vasquez steals 2nd base (no throw) 1-1: Ball 2-1: Ground out 4-3 (Groundball, 4S, EV 80.6 MPH) Jose Vasquez to third
|
|
Batting: LHB Jerrod Cluck
|
0-0: Called Strike 0-1: Ball 1-1: Swinging Strike 1-2: Ball 2-2: Ball 3-2: Strikes out swinging
|
| Bottom of the 2nd over - 0 runs, 1 hit, 0 errors, 1 left on base; Boston 0 - Seattle 0 |
| TOP OF THE 3RD |
|
Boston Red Sox batting - Pitching for Seattle Mariners : RHP Bas Kooy
|
|
Batting: RHB Marty King
|
0-0: Foul Ball, location: 2F 0-1: SINGLE (Flyball, 9LS, EV 93.1 MPH)
|
|
Batting: SHB Greg Prime
|
0-0: Ball 1-0: Ball 2-0: Called Strike 2-1: Swinging Strike 2-2: Strikes out looking
|
|
Batting: RHB Mike Quackenbush
|
0-0: Foul Ball, location: 2F 0-1: Foul Ball, location: 2F 0-2: Strikes out looking
|
|
Batting: LHB Xavier Pittman
|
0-0: Called Strike 0-1: Ball 1-1: Ball 2-1: Swinging Strike 2-2: Ball 3-2: Strikes out swinging
|
| Top of the 3rd over - 0 runs, 1 hit, 0 errors, 1 left on base; Boston 0 - Seattle 0 |
| BOTTOM OF THE 3RD |
|
Seattle Mariners batting - Pitching for Boston Red Sox : RHP Justin Whitesack
|
|
Batting: SHB Nelson Powell
|
0-0: Called Strike 0-1: Hit by Pitch
|
|
Batting: LHB Dae-ik Yoon
|
0-0: Called Strike 0-1: Ball 1-1: Foul Ball, location: 2F 1-2: Foul Ball, location: 2F 1-2: Ball 2-2: Foul Ball, location: 2F 2-2: Strikes out swinging
|
|
Batting: SHB Floyd-William Goof
|
0-0: Called Strike 0-1: Hit by Pitch Nelson Powell to second
|
|
Batting: LHB John Zumbo
|
0-0: Ball 1-0: Ball 2-0: Called Strike 2-1: Ball 3-1: Base on Balls Nelson Powell to third Floyd-William Goof to second
|
|
Batting: SHB Tze-meng Gan
|
0-0: Called Strike 0-1: Fly out, F9 (Flyball, BS7, EV 114.4 MPH) Runner from 3rd tags up, SCORES, no throw by RF Floyd-William Goof to third
|
|
Batting: RHB Jose Vasquez
|
0-0: Ball 1-0: Ball 2-0: Called Strike 2-1: Ball 3-1: Base on Balls John Zumbo to second
|
|
Batting: RHB Steve Bartman Jr.
|
0-0: Ball 1-0: Fielders Choice at 2nd, 5-4 (Groundball, 56, EV 98.1 MPH)
|
| Bottom of the 3rd over - 1 run, 0 hits, 0 errors, 3 left on base; Boston 0 - Seattle 1 |
| TOP OF THE 4TH |
|
Boston Red Sox batting - Pitching for Seattle Mariners : RHP Bas Kooy
|
|
Batting: LHB Kevin McCormic Jr.
|
0-0: Swinging Strike 0-1: Swinging Strike 0-2: Ball 1-2: Ball 2-2: Ball 3-2: Base on Balls
|
|
Batting: SHB Rich Chavez
|
0-0: Ball 1-0: Called Strike 1-1: Fly out, F3 (Flyball, 3D, EV 90.0 MPH)
|
|
Batting: LHB Brian Gray
|
0-0: TRIPLE (Line Drive, 89XD, EV 114.4 MPH) Kevin McCormic Jr. scores
|
|
Batting: RHB Nick Esteves
|
0-0: Fly out, F8 (Line Drive, 8LM, EV 107.5 MPH) Runner from 3rd tags up, SCORES, no throw by CF
|
|
Batting: RHB Chris Lane
|
0-0: Fly out, F9 (Line Drive, 9, EV 96.9 MPH)
|
| Top of the 4th over - 2 runs, 1 hit, 0 errors, 0 left on base; Boston 2 - Seattle 1 |
| BOTTOM OF THE 4TH |
|
Seattle Mariners batting - Pitching for Boston Red Sox : RHP Justin Whitesack
|
|
Batting: RHB Corey Ottinger
|
0-0: Called Strike 0-1: Swinging Strike 0-2: Ball 1-2: Foul Ball, location: 2F 1-2: Foul Ball, location: 2F 1-2: Strikes out swinging
|
|
Batting: LHB Jerrod Cluck
|
0-0: Ball 1-0: Swinging Strike 1-1: Ball 2-1: SOLO HOME RUN (Flyball, 7LD, EV 95.0 MPH), Distance : 378 ft
|
|
Batting: SHB Nelson Powell
|
0-0: Called Strike 0-1: Ball 1-1: Swinging Strike 1-2: Foul Ball, location: 2F 1-2: Ball 2-2: Ball 3-2: Ground out 5-3 (Groundball, 15, EV 80.6 MPH)
|
|
Batting: LHB Dae-ik Yoon
|
0-0: Called Strike 0-1: Swinging Strike 0-2: Ball 1-2: Foul Ball, location: 2F 1-2: Strikes out swinging
|
| Bottom of the 4th over - 1 run, 1 hit, 0 errors, 0 left on base; Boston 2 - Seattle 2 |
| TOP OF THE 5TH |
|
Boston Red Sox batting - Pitching for Seattle Mariners : RHP Bas Kooy
|
|
Pitching: RHP Kurt Loscalzo
|
|
|
Batting: RHB Marty King
|
0-0: Ball 1-0: Ground out 4-3 (Groundball, 4, EV 86.2 MPH)
|
|
Batting: SHB Greg Prime
|
0-0: Called Strike 0-1: Ball 1-1: Swinging Strike 1-2: Ball 2-2: Strikes out swinging
|
|
Pinch Hitting: LHB Ernesto Cedillos
|
0-0: Called Strike 0-1: Ball 1-1: Fly out, F8 (Flyball, 78M, EV 83.8 MPH)
|
| Top of the 5th over - 0 runs, 0 hits, 0 errors, 0 left on base; Boston 2 - Seattle 2 |
| BOTTOM OF THE 5TH |
|
Seattle Mariners batting - Pitching for Boston Red Sox : RHP Justin Whitesack
|
|
Pitching: RHP Max Blankenship
|
|
|
Now at SS: Won-jun Park
|
|
|
Batting: SHB Floyd-William Goof
|
0-0: Foul Ball, location: 2F 0-1: Swinging Strike 0-2: Foul Ball, location: 2F 0-2: Foul Ball, location: 2F 0-2: Ball 1-2: Ball 2-2: Ground out 6-3 (Groundball, 6, EV 98.8 MPH)
|
|
Batting: LHB John Zumbo
|
0-0: Foul Ball, location: 2F 0-1: Ground out 4-3 (Groundball, 34D, EV 96.2 MPH)
|
|
Batting: SHB Tze-meng Gan
|
0-0: Called Strike 0-1: Foul Ball, location: 2F 0-2: Foul Ball, location: 2F 0-2: Strikes out swinging
|
| Bottom of the 5th over - 0 runs, 0 hits, 0 errors, 0 left on base; Boston 2 - Seattle 2 |
| TOP OF THE 6TH |
|
Boston Red Sox batting - Pitching for Seattle Mariners : RHP Kurt Loscalzo
|
|
Batting: LHB Xavier Pittman
|
0-0: Ball 1-0: Foul Ball, location: 2F 1-1: Ball 2-1: Foul Ball, location: 2F 2-2: Foul Ball, location: 2F 2-2: Reached on error, E4 (Groundball, 4, EV 83.1 MPH)
|
|
Batting: LHB Kevin McCormic Jr.
|
0-0: Ball 1-0: Called Strike 1-1: Ball 2-1: Foul Ball, location: 2F 2-2: Strikes out swinging
|
|
Batting: SHB Rich Chavez
|
0-0: Ball 1-0: Ball 2-0: Ball 3-0: DOUBLE (Line Drive, 3D, EV 95.6 MPH) Xavier Pittman scores
|
|
Batting: LHB Brian Gray
|
0-0: Ball 1-0: Called Strike 1-1: Fly out, F8 (Flyball, 8LXD, EV 79.4 MPH) Runner from 2nd tags up, SAFE at 3rd, no throw by CF
|
|
Batting: RHB Nick Esteves
|
0-0: Swinging Strike 0-1: Called Strike 0-2: Ball 1-2: Foul Ball, location: 2F 1-2: Foul Ball, location: 2F 1-2: Ball 2-2: Foul Ball, location: 2F 2-2: DOUBLE (Flyball, 7LD, EV 105.6 MPH) Rich Chavez scores
|
|
Batting: RHB Chris Lane
|
0-0: Ball 1-0: Ball Wild Pitch! Nick Esteves to third 2-0: Swinging Strike 2-1: Foul Ball, location: 2F 2-2: Ball 3-2: Strikes out swinging
|
| Top of the 6th over - 2 runs, 2 hits, 1 error, 1 left on base; Boston 4 - Seattle 2 |
| BOTTOM OF THE 6TH |
|
Seattle Mariners batting - Pitching for Boston Red Sox : RHP Max Blankenship
|
|
Batting: RHB Jose Vasquez
|
0-0: Ball 1-0: Foul Ball, location: 2F 1-1: Ball 2-1: DOUBLE (Line Drive, 9LD, EV 101.9 MPH)
|
|
Batting: RHB Steve Bartman Jr.
|
0-0: Called Strike 0-1: Called Strike 0-2: Ball 1-2: Ball 2-2: Strikes out swinging
|
|
Batting: RHB Corey Ottinger
|
0-0: Called Strike 0-1: Ball 1-1: Foul Ball, location: 2F 1-2: Ball 2-2: Foul Ball, location: 2F 2-2: Ball 3-2: Fly out, F4 (Flyball, 34D, EV 89.4 MPH)
|
|
Batting: LHB Jerrod Cluck
|
0-0: Ground out 4-3 (Groundball, 4, EV 79.4 MPH)
|
| Bottom of the 6th over - 0 runs, 1 hit, 0 errors, 1 left on base; Boston 4 - Seattle 2 |
| TOP OF THE 7TH |
|
Boston Red Sox batting - Pitching for Seattle Mariners : RHP Kurt Loscalzo
|
|
Pitching: RHP Elias Gonzalez
|
|
|
Batting: SHB Robbie Rogers
|
0-0: Ball 1-0: Fly out, F7 (Line Drive, 7, EV 90.0 MPH)
|
|
Batting: SHB Greg Prime
|
0-0: Called Strike 0-1: Ball 1-1: Foul Ball, location: 2F 1-2: Ground out 4-3 (Groundball, 4S, EV 89.4 MPH)
|
|
Batting: RHB Won-jun Park
|
0-0: Called Strike 0-1: Ball 1-1: Foul Ball, location: 2F 1-2: Fly out, F8 (Line Drive, 8LD, EV 106.9 MPH)
|
| Top of the 7th over - 0 runs, 0 hits, 0 errors, 0 left on base; Boston 4 - Seattle 2 |
| BOTTOM OF THE 7TH |
|
Seattle Mariners batting - Pitching for Boston Red Sox : RHP Max Blankenship
|
|
Pitching: LHP Mike Nimmo
|
|
|
Batting: SHB Nelson Powell
|
0-0: Ground out 4-3 (Groundball, 4, EV 103.1 MPH)
|
|
Pinch Hitting: RHB Jonathan Rangel
|
0-0: Called Strike 0-1: Ground out 2-3 (Groundball, 15S, EV 68.8 MPH)
|
|
Pinch Hitting: RHB Leon Alders
|
0-0: Ground out 4-3 (Groundball, 4, EV 87.5 MPH)
|
| Bottom of the 7th over - 0 runs, 0 hits, 0 errors, 0 left on base; Boston 4 - Seattle 2 |
| TOP OF THE 8TH |
|
Boston Red Sox batting - Pitching for Seattle Mariners : RHP Elias Gonzalez
|
|
Now at 1B: Leon Alders
|
|
|
Now in RF: Jonathan Rangel
|
|
|
Pinch Hitting: RHB Garry Hash
|
0-0: Foul Ball, location: 2F 0-1: Ball 1-1: Called Strike 1-2: Foul Ball, location: 2F 1-2: Ball 2-2: Strikes out swinging
|
|
Batting: LHB Kevin McCormic Jr.
|
0-0: Ball 1-0: Ball 2-0: SINGLE (Groundball, 56D, EV 103.1 MPH)
|
|
Batting: SHB Rich Chavez
|
0-0: Ball 1-0: Called Strike 1-1: Ball 2-1: Foul Ball, location: 2F 2-2: Foul Ball, location: 2F 2-2: Ball Wild Pitch! Kevin McCormic Jr. to second 3-2: Base on Balls
|
|
Batting: LHB Brian Gray
|
0-0: Ball 1-0: Called Strike 1-1: Ball 2-1: DOUBLE (Flyball, 78XD, EV 110.6 MPH) Kevin McCormic Jr. scores Rich Chavez to third
|
|
Pinch Hitting: RHB Scott Treider
|
0-0: Ground out 5-3 (Groundball, 56S, EV 85.6 MPH) Rich Chavez scores
|
|
Batting: RHB Chris Lane
|
0-0: Ball 1-0: Foul Ball, location: 2F 1-1: Ball 2-1: Ball 3-1: Called Strike 3-2: Foul Ball, location: 2F 3-2: 2-RUN HOME RUN (Flyball, 7D, EV 111.2 MPH), Distance : 418 ft
|
|
Pitching: RHP Jesse Crockett
|
|
|
Batting: SHB Robbie Rogers
|
0-0: Foul Ball, location: 2F 0-1: Ball 1-1: Called Strike 1-2: Ground out U3 (Groundball, 34, EV 84.4 MPH)
|
| Top of the 8th over - 4 runs, 3 hits, 0 errors, 0 left on base; Boston 8 - Seattle 2 |
| BOTTOM OF THE 8TH |
|
Seattle Mariners batting - Pitching for Boston Red Sox : LHP Mike Nimmo
|
|
Now at 2B: Rich Chavez
|
|
|
Now at 3B: Garry Hash
|
|
|
Now in CF: Scott Treider
|
|
|
Batting: RHB Ivan Colon
|
0-0: Ball 1-0: Called Strike 1-1: Swinging Strike 1-2: Ground out 5-3 (Groundball, 56S, EV 83.8 MPH)
|
|
Batting: SHB Tze-meng Gan
|
0-0: Ball 1-0: Called Strike 1-1: Ball 2-1: Called Strike 2-2: Ground out U3 (Groundball, 3L, EV 104.4 MPH)
|
|
Pinch Hitting: LHB Bi-jun Chien
|
0-0: Called Strike 0-1: Foul Ball, location: 2F 0-2: Strikes out swinging, 2-3 out at first.
|
| Bottom of the 8th over - 0 runs, 0 hits, 0 errors, 0 left on base; Boston 8 - Seattle 2 |
| TOP OF THE 9TH |
|
Boston Red Sox batting - Pitching for Seattle Mariners : RHP Jesse Crockett
|
|
Now in CF: Bi-jun Chien
|
|
|
Pinch Hitting: RHB Manny Vergara
|
0-0: SOLO HOME RUN (Flyball, 7D, EV 106.2 MPH), Distance : 409 ft
|
|
Batting: RHB Won-jun Park
|
0-0: Ball 1-0: Ball 2-0: Ground out 6-3 (Groundball, 56, EV 93.8 MPH)
|
|
Batting: RHB Garry Hash
|
0-0: Ball 1-0: Ball 2-0: Foul Ball, location: 2F 2-1: Ball 3-1: Swinging Strike 3-2: Strikes out swinging, 2-3 out at first.
|
|
Batting: LHB Kevin McCormic Jr.
|
0-0: Called Strike 0-1: Ball 1-1: Foul Ball, location: 2F 1-2: Ground out 6-3 (Groundball, 6, EV 88.1 MPH)
|
| Top of the 9th over - 1 run, 1 hit, 0 errors, 0 left on base; Boston 9 - Seattle 2 |
| BOTTOM OF THE 9TH |
|
Seattle Mariners batting - Pitching for Boston Red Sox : LHP Mike Nimmo
|
|
Now at C: Manny Vergara
|
|
|
Batting: RHB Steve Bartman Jr.
|
0-0: Foul Ball, location: 2F 0-1: Ball 1-1: Swinging Strike 1-2: Ball 2-2: Foul Ball, location: 2F 2-2: Ball 3-2: Base on Balls
|
|
Pinch Hitting: RHB Young-kwang Ohnn
|
0-0: Called Strike 0-1: Grounds into double play, 5-4-3 (Groundball, 5L, EV 88.1 MPH)
|
|
Pinch Hitting: LHB Cliff Thomas
|
0-0: SOLO HOME RUN (Line Drive, 9LD, EV 95.6 MPH), Distance : 345 ft
|
|
Batting: SHB Nelson Powell
|
0-0: Called Strike 0-1: Foul Ball, location: 2F 0-2: Strikes out looking
|
| Bottom of the 9th over - 1 run, 1 hit, 0 errors, 0 left on base; Boston 9 - Seattle 3 |
|